 Dungeon Crawl Stone Soup version 0.31-a0-618-g7ca08c1ff9 (webtiles) character file.

Game seed: 2972610928943217998

42 zazu2006 the Trooper (level 3, 0/35 HPs)
             Began as a Gnoll Wanderer on Aug 23, 2023.
             Slain by Crazy Yiuf
             ... wielding a +3 quarterstaff of chaos
              (11 damage)
             ... on level 2 of the Dungeon.
             The game lasted 00:02:49 (1602 turns).

zazu2006 the Trooper (Gnoll Wanderer)               Turns: 1602, Time: 00:02:49

Health: 0/35       AC:  3    Str: 12    XL:     3   Next: 56%
Magic:  5/7        EV: 11    Int: 12    God:
Gold:   97         SH:  0    Dex: 11    Spells: 4/7 levels left

rFire   . . .        a - +1 quarterstaff
rCold   . . .        (shield currently unavailable)
rNeg    . . .        c - +0 robe
rPois   .            (no helmet)
rElec   .            (no cloak)
rCorr   .            (no gloves)
SInv    .            f - +0 pair of boots
Will    +....        (no amulet)
Stlth   +            h - ring of flight
HPRegen 0.25/turn    (no ring)
MPRegen 0.10/turn

%: no passive effects
@: enlightened, flying
A: fangs 1, strong nose, distributed training
a: no special abilities


You were on level 2 of the Dungeon.
You visited 1 branch of the dungeon, and saw 2 of its levels.

You collected 97 gold pieces.

Inventory:

Hand Weapons
 a - a +1 quarterstaff (weapon)
Armour
 c - a +0 robe (worn)
 f - a +0 pair of boots (worn)
Jewellery
 h - a ring of flight (left hand)
Scrolls
 d - a scroll of poison {unknown}
 i - a scroll of noise {unknown}
 l - 3 scrolls of teleportation {unknown}
Potions
 b - a potion of heal wounds
 e - a potion of berserk rage {unknown}
 g - a potion of enlightenment
 j - a potion of curing {unknown}
 k - a potion of ambrosia {unknown}


   Skills:
 + Level 6.5 Fighting
 + Level 0.9 Short Blades
 + Level 0.9 Long Blades
 + Level 0.9 Axes
 + Level 0.9 Maces & Flails
 + Level 0.9 Polearms
 + Level 4.5 Staves
 + Level 0.9 Ranged Weapons
 + Level 0.9 Throwing
 + Level 0.9 Armour
 + Level 0.9 Dodging
 + Level 0.9 Stealth
 + Level 0.9 Shields
 + Level 0.9 Unarmed Combat
 + Level 2.8 Spellcasting
 + Level 0.6 Conjurations
 + Level 0.6 Hexes
 + Level 0.6 Summonings
 + Level 0.6 Necromancy
 + Level 0.6 Translocations
 + Level 0.6 Transmutations
 + Level 5.4 Fire Magic
 + Level 0.6 Ice Magic
 + Level 0.6 Air Magic
 + Level 0.6 Earth Magic
 + Level 0.6 Poison Magic
 + Level 2.7 Invocations
 + Level 0.9 Evocations
 + Level 0.7 Shapeshifting


You had 4 spell levels left.
You knew the following spells:

 Your Spells              Type           Power      Damage    Failure   Level
a - Foxfire               Conj/Fire      36%        2x1d5     7%          1
d - Blink                 Tloc           6%         N/A       28%         2

Your spell library contained the following spells:

 Spells                   Type           Power      Damage    Failure   Level
 Scorch                   Fire           28%        2d6       4%          2
 Lesser Beckoning         Tloc           6%         N/A       28%         2
 Momentum Strike          Conj/Tloc      6%         3d8       28%         2
 Gell's Gravitas          Tloc           3%         N/A       50%         3
 Teleport Other           Tloc           3%         N/A       50%         3
 Sticky Flame             Conj/Fire      9%         2d3       56%         4


Dungeon Overview and Level Annotations

Branches:
Dungeon (2/15)

Altars:
Qazlal

Shops:
D:1 [

Annotations:
D:2 Crazy Yiuf


Innate Abilities, Weirdness & Mutations

You have very sharp teeth.
Your uncanny sense of smell can sniff out nearby items.
Your experience applies equally to all skills.


Message History

The foxfire hits the giant cockroach.
The giant cockroach is heavily wounded.
The foxfire hits the giant cockroach.
You kill the giant cockroach!
You fly up into the air.
h - a ring of flight (left hand)
Found a stone staircase leading up.
There is a stone staircase leading up here.
You see here a giant cockroach corpse.
You see here a +0 dagger.
There is a stone staircase leading up here.
There is a stone staircase leading up here.
Found a robe.
Things that are here:
a +0 dagger; a stone Crazy Yiuf shouts!
Could not explore, unopened runed door.
You reach down and open the door.
Casting: Foxfire (safe; 7% risk of failure)
Confirm with . or Enter, or press ? or * to list all spells.
You miscast Foxfire.
You are very lightly contaminated with residual magic.
Nothing appears to happen.
Crazy Yiuf yells, "Tosser shoe agre!"
Crazy Yiuf hits you with a +3 quarterstaff of chaos!
Crazy Yiuf freezes you.
You aren't carrying any items that you can evoke.
It was a potion of enlightenment.
You feel more buoyant.
Crazy Yiuf hits you with a +3 quarterstaff of chaos.
Crazy Yiuf burns you.
* * * LOW HITPOINT WARNING * * *
Okay, then.
Unknown command.
Your magical contamination has completely faded away.
Casting: Foxfire (safe; 7% risk of failure)
Confirm with . or Enter, or press ? or * to list all spells.
You conjure some foxfire!
Crazy Yiuf hits you with a +3 quarterstaff of chaos!
You die...

.....#..#
...
#.#.###.#
###.##..###
#'#
#.#.###.#
..........#
#.##
#.#.....#
###.##....#
##.#
#.#.#####
#.##.##.#
#.## #...#
#.##....#
##.# #####
#.####..#
##.##
#.......#
##vg.#
#######.#
#.v@.# #.#
##..##
#.####....#
#........##
#####...##
#####


You could see Crazy Yiuf (ally target).

Vanquished Creatures
  An adder (D:2)
  3 endoplasms
  4 giant cockroaches
  7 goblins
  3 hobgoblins
  5 kobolds
  3 ball pythons (D:1)
  A frilled lizard (D:2)
  3 rats
30 creatures vanquished.

Vanquished Creatures (others)
  66 foxfires
66 creatures vanquished.

Grand Total: 96 creatures vanquished

Notes
Turn   | Place    | Note
-------+----------+-------------------------------------------
     0 | D:1      | zazu2006 the Gnoll Wanderer began the quest for the Orb.
     0 | D:1      | zazu2006 set off with the following items: a +1
                  | quarterstaff, a potion of heal wounds, a +0 robe; and the
                  | following spell memorised: Foxfire; and the following
                  | spells available to memorise: Scorch, Sticky Flame.
     0 | D:1      | Reached XP level 1. HP: 23/23 MP: 4/4
   211 | D:1      | Reached XP level 2. HP: 27/29 MP: 1/5
   250 | D:1      | Found Debbiqukk's Antique Armour Shop.
   621 | D:1      | Learned a level 2 spell: Blink
   850 | D:2      | Reached XP level 3. HP: 29/35 MP: 2/7
  1170 | D:2      | Found a runed translucent door.
  1171 | D:2      | Noticed Crazy Yiuf
  1207 | D:2      | Found a stormy altar of Qazlal.
  1602 | D:2      | Slain by Crazy Yiuf

Illustrated notes

Levels and vault maps discovered:
D:1:      mushboom_english_gardens, layout_loops_ring, serial_shops,
          nicolae_shop_stone
D:2:      layout_basic, basic_altar, uniq_crazy_yiuf_cottage

Action                     || total
---------------------------++-------
  Melee: Quarterstaff      ||     8
         Bite              ||     2
   Cast: Foxfire           ||    43
    Use: Potion            ||     1
 Armour: Robe              ||     1
  Dodge: Dodged            ||     8

Table legend: (Time is in decaauts)
 A = Elapsed time spent in this place.
 B = Non-inter-level travel time spent in this place.
 C = Inter-level travel time spent in this place.
 D = Time resting spent in this place.
 E = Time spent auto-exploring this place.
 F = Levels seen in this place.
 G = Mean time per level.
                   A        B        C        D        E       F      G
               +--------+--------+--------+--------+--------+-----+--------+
         Total |   1601 |   1566 |     35 |      0 |   1368 |   2 |  800.5 |
       Dungeon |   1601 |   1566 |     35 |      0 |   1368 |   2 |  800.5 |
               +--------+--------+--------+--------+--------+-----+--------+

Top non-repeatable levels by time:
     D:1: 817 daAuts
     D:2: 784 daAuts
